 Dungeon Crawl Stone Soup version 0.28-a0-1174-g766a6a42ef (webtiles) character file.

Game seed: 15080577380321601648

188 Gwenloh the Digger (level 5, -2/28 HPs)
             Began as a Deep Elf Earth Elementalist on Dec 17, 2021.
             Was an Initiate of Vehumet.
             Killed by nerve-wracking pain
             ... invoked by an orc priest
              (13 damage)
             ... on level 3 of the Dungeon.
             The game lasted 00:11:22 (4078 turns).

Gwenloh the Digger (Deep Elf Earth Elementalist)    Turns: 4078, Time: 00:11:24

Health: -2/28      AC:  3    Str:  5    XL:     5   Next: 39%
Magic:  7/13       EV: 13    Int: 22    God:    Vehumet [......]
Gold:   92         SH:  0    Dex: 15    Spells: 6/12 levels left

rFire   + . .      SeeInvis .   q - +4 dagger
rCold   . . .      Faith    .   (no shield)
rNeg    . . .      Spirit   .   b - +0 robe
rPois   .          Reflect  .   (no helmet)
rElec   .          Harm     .   (no cloak)
rCorr   .          Rampage  .   a - +0 pair of gloves
Will    .....                   (no boots)
Stlth   ++........              (no amulet)
HPRegen 0.09/turn               l - ring of protection from fire
MPRegen 0.13/turn               (no ring)

@: no status effects
A: no striking features
a: Renounce Religion


You were on level 3 of the Dungeon.
You worshipped Vehumet.
Vehumet was noncommittal.
You visited 2 branches of the dungeon, and saw 5 of its levels.

You collected 200 gold pieces.
You spent 108 gold pieces at shops.

Inventory:

Hand Weapons
 q - a +4 dagger (weapon)
Missiles
 c - 26 stones
Armour
 a - a +0 pair of gloves (worn)
 b - a +0 robe (worn)
Jewellery
 l - a ring of protection from fire (left hand)
Scrolls
 e - a scroll of vulnerability {unknown}
 f - 3 scrolls of identify {unknown}
 g - a scroll of enchant armour {unknown}
 k - a scroll of enchant weapon {unknown}
 n - a scroll of silence
Potions
 d - 2 potions of berserk rage {unknown}
 h - a potion of brilliance {unknown}
 i - a potion of resistance {unknown}
 j - 2 potions of curing
 m - 2 potions of degeneration {unknown}
 o - a potion of lignification {unknown}
 p - a potion of ambrosia {unknown}


   Skills:
 + Level 3.7 Dodging
 - Level 2.4 Stealth
 + Level 4.2 Spellcasting
 + Level 1.8 Conjurations
 - Level 1.7 Transmutations
 * Level 5.0 Earth Magic


You had 6 spell levels left.
You knew the following spells:

 Your Spells              Type           Power      Damage    Failure   Level
a - Sandblast             Erth           52%        2d12      1%          1
b - Stone Arrow           Conj/Erth      38%        3d9       9%          3
c - Passwall              Tmut/Erth      15%        N/A       4%          2

Your spell library contained the following spells:

 Spells                   Type           Power      Damage    Failure   Level
 Foxfire                  Conj/Fire      32%        2x1d5     8%          1
 Conjure Flame            Conj/Fire      8%         6-21      22%         3
 Petrify                  Tmut/Erth      19%        N/A       26%         4
 Inner Flame              Hex/Fire       4%         N/A       32%         3
 Portal Projectile        Hex/Tloc       8%         N/A       32%         3
 Swiftness                Air            4%         N/A       32%         3
 Flame Wave               Conj/Fire      8%         2d4       58%         4
 Blade Hands              Tmut           6%         N/A       83%         5
 Excruciating Wounds      Necr           2%         N/A       97%         5


Dungeon Overview and Level Annotations

Branches:
Dungeon (4/15)             Temple (1/1) D:4

Altars:
Cheibriados
Dithmenos
Elyvilon
Fedhas
Gozag
Kikubaaqudgha
Nemelex Xobeh
Okawaru
Uskayaw
Vehumet
Wu Jian
Yredelemnul
Zin
The Shining One

Shops:
D:2 *   D:3 *


Message History

Aiming: Sandblast (safe; 1% risk of failure)
Press: ? - help, Shift-Dir - straight line, f/p - orc wizard
Aim: an orc wizard, wielding a +0 dagger and wearing a +0 robe (76% to hit)
The blast of sand misses the orc wizard.
The orc wizard completely misses you. The orc priest closely misses you.
Casting: Sandblast (safe; 1% risk of failure)
Confirm with . or Enter, or press ? or * to list all spells.
Aiming: Sandblast (safe; 1% risk of failure)
Press: ? - help, Shift-Dir - straight line, f/p - orc wizard
Aim: an orc wizard, wielding a +0 dagger and wearing a +0 robe (76% to hit)
The blast of sand misses the orc wizard.
The orc wizard completely misses you. The orc priest hits you with a +0 club.
Casting: Sandblast (safe; 1% risk of failure)
Confirm with . or Enter, or press ? or * to list all spells.
Aiming: Sandblast (safe; 1% risk of failure)
Press: ? - help, Shift-Dir - straight line, f/p - orc wizard
Aim: an orc wizard, wielding a +0 dagger and wearing a +0 robe (76% to hit)
The blast of sand hits the orc wizard!
The orc wizard is severely wounded.
The orc wizard barely misses you. The orc priest hits you with a +0 club.
Casting: Sandblast (safe; 1% risk of failure)
Confirm with . or Enter, or press ? or * to list all spells.
Aiming: Sandblast (safe; 1% risk of failure)
Press: ? - help, Shift-Dir - straight line, f/p - orc wizard
Aim: an orc wizard, wielding a +0 dagger and wearing a +0 robe (severely wounded, 76% to hit)
The blast of sand hits the orc wizard!
You kill the orc wizard!
Vehumet accepts your kill.
The orc priest looks encouraged for a moment.
Your Earth Magic skill increases to level 5!
Casting: Sandblast (safe; 1% risk of failure)
Confirm with . or Enter, or press ? or * to list all spells.
Aiming: Sandblast (safe; 1% risk of failure)
Press: ? - help, Shift-Dir - straight line, f - orc priest
Aim: an orc priest, wielding a +0 club (81% to hit)
The blast of sand hits the orc priest!
The orc priest is severely wounded.
The orc priest calls down the wrath of Beogh upon you.
Pain shoots through your body!
You die...

###..####.####.#.#
#..#########
#............#.#
#...........
#####.......####.#.#
#.##########
.........##.####.#.###.#
######.#.##............#
#.#.........#.#####
#.#########.#.# #.#
#)#.# #.# #@#.## #.#
#####o#..# #.#
#.....##.# #.#
#.######.# #.# #.# #.#
#### #.#
#.######.##########...
#.#
#....)..)........##.#.
#.#
######.......###.##...
#[# #.#.###.###.###.#


You could see an orc priest.

Vanquished Creatures
  Jessica (D:2)
  An orc wizard (D:3)
  A hound skeleton (D:4)
  4 adders
  2 worms (D:3)
  A dart slug (D:3)
  2 orcs (D:3)
  4 bats (D:1)
  6 endoplasms
  2 giant cockroaches
  14 goblins
  9 hobgoblins
  4 jackals (D:1)
  5 quokkas
  4 ball pythons
  3 frilled lizards
  4 kobolds (D:1)
  8 rats
75 creatures vanquished.

Notes
Turn   | Place    | Note
-------+----------+-------------------------------------------
     0 | D:1      | Gwenloh the Deep Elf Earth Elementalist began the quest for
                  | the Orb.
     0 | D:1      | Reached XP level 1. HP: 10/10 MP: 6/6
    50 | D:1      | Found a faded altar of an unknown god.
   153 | D:1      | Reached XP level 2. HP: 14/15 MP: 4/8
   219 | D:1      | Learned a level 2 spell: Passwall
   677 | D:1      | Reached XP level 3. HP: 19/19 MP: 6/9
   681 | D:1      | Learned a level 3 spell: Stone Arrow
  1203 | D:2      | Found a snail-covered altar of Cheibriados.
  1283 | D:2      | Found Reigiroemen's General Store.
  1320 | D:2      | Reached skill level 4 in Earth Magic
  1718 | D:2      | Noticed Jessica
  1725 | D:2      | Killed Jessica
  1726 | D:2      | Reached skill level 1 in Conjurations
  1726 | D:2      | Reached XP level 4. HP: 24/24 MP: 9/11
  2193 | D:2      | Bought 5 stones for 6 gold pieces
  2193 | D:2      | Bought a scroll of silence for 90 gold pieces
  2195 | D:2      | Bought 10 stones for 12 gold pieces
  3017 | D:3      | Found Ycvutu's Assorted Antiques.
  3371 | D:4      | Found a staircase to the Ecumenical Temple.
  3384 | Temple   | Entered the Ecumenical Temple
  3585 | Temple   | Became a worshipper of Vehumet
  3673 | D:4      | Reached XP level 5. HP: 28/28 MP: 9/13
  4078 | D:3      | Reached skill level 5 in Earth Magic
  4078 | D:3      | Killed from afar by an orc priest

Illustrated notes

Levels and vault maps discovered:
D:1:      eino_arrival_water_cross, layout_basic,
          hellmonk_ecumenical_altar_crossroads
D:2:      cheibrodos_greedy_goblins, layout_basic, basic_altar, serial_shops,
          shop, kennysheep_cluttered_room, minmay_misc_feat_square, uniq_jessica
D:3:      layout_loops_ring, serial_shops, nicolae_lakefront_shop
D:4:      layout_basic, nicolae_qazlal_scattered_showers, temple_green
Temple:   eino_temple_water

Skill      XL: |  1  2  3  4  5 |
---------------+----------------+-----
Dodging        | 3 |  3.7
Earth Magic    | 4 5 |  5.0
Conjurations   | 1 |  1.8
Spellcasting   | 4 |  4.2
Stealth        | |  2.4
Transmutations | |  1.7

Action                   |  1- 3 |  4- 6 || total
-------------------------+-------+-------++-------
Melee: Short sword       |    23 |     4 ||    27
 Cast: Sandblast         |    55 |    29 ||    84
       Stone Arrow       |       |    24 ||    24
  Use: Potion            |       |     1 ||     1
 Stab: Sleeping          |     1 |       ||     1
Armor: Robe              |     9 |     4 ||    13
Dodge: Dodged            |    25 |    18 ||    43

Table legend: (Time is in decaauts)
 A = Elapsed time spent in this place.
 B = Non-inter-level travel time spent in this place.
 C = Inter-level travel time spent in this place.
 D = Time resting spent in this place.
 E = Time spent auto-exploring this place.
 F = Levels seen in this place.
 G = Mean time per level.
                   A        B        C        D        E       F      G
               +--------+--------+--------+--------+--------+-----+--------+
         Total |   4083 |   3981 |    102 |    257 |   3138 |   5 |  816.6 |
       Dungeon |   3865 |   3779 |     86 |    257 |   2959 |   4 |  966.2 |
        Temple |    218 |    202 |     16 |      0 |    179 |   1 |  218.0 |
               +--------+--------+--------+--------+--------+-----+--------+

Top non-repeatable levels by time:
     D:3: 1172 daAuts
     D:1: 1108 daAuts
     D:2: 1098 daAuts
     D:4: 485 daAuts
  Temple: 218 daAuts
